 Dungeon Crawl Stone Soup version 0.19.1 (webtiles) character file.

7197 graki42 the Whirler (level 11, -8/78 HPs)
             Began as a Halfling Hunter on Dec 20, 2016.
             Was an Elder of Okawaru.
             Mangled by an orc warrior
             ... wielding a +0 trident
              (15 damage)
             ... in a bailey on Dec 21, 2016.
             The game lasted 00:53:25 (12465 turns).

graki42 the Whirler (Halfling Hunter)              Turns: 12465, Time: 00:53:25

Health: -8/78      AC:  6    Str: 13    XL:     11   Next: 32%
Magic:  11/11      EV: 18    Int:  9    God:    Okawaru [****..]
Gold:   559        SH:  0    Dex: 19    Spells: 0 memorised, 10 levels left

rFire  . . .     SeeInvis .     k - +2 dagger (drain)
rCold  . . .     Gourm    .     E - +1 leather armour "Patafaox" {MR+}
rNeg   . . .     Faith    .     (shield restricted)
rPois  +         Spirit   .     Q - +1 helmet
rElec  .         Reflect  .     (no cloak)
rCorr  .         Harm     +     (no gloves)
MR     +....                    N - +1 pair of boots
Stlth  +++.......               o - amulet of harm
                                J - -2 ring of protection (curse)
                                j - ring of poison resistance

@: hasted, very quick
A: mutation resistance 1
a: Heroism, Renounce Religion


You were in a bailey.
You worshipped Okawaru.
Okawaru was greatly pleased with you.
You were not hungry.

You visited 2 branches of the dungeon, and saw 11 of its levels.
You also visited: Bailey.

You collected 559 gold pieces.

Inventory:

Hand Weapons
 a - a +1 hunting sling
 k - a +2 dagger of draining (weapon)
Missiles
 c - 8 curare-tipped needles
 d - 39 sling bullets
 h - 22 stones (quivered)
 C - 2 throwing nets
Armour
 l - a +0 helmet
 E - the +1 leather armour "Patafaox" (worn) {MR+}
   (You found it on level 6 of the Dungeon)

   It affects your resistance to hostile enchantments.
 F - the +0 robe of the Iron Devil {rPois Regen+}
   (You found it on level 6 of the Dungeon)

   It protects you from poison.
   It increases your rate of regeneration.
 I - the +0 chain mail of Juoteger {Dex+4}
   (You found it on level 7 of the Dungeon)

   It affects your dexterity (+4).
 N - a +1 pair of boots (worn)
 Q - a +1 helmet (worn)
 R - the +4 moon troll leather armour {Spirit, Regen++ MP+5}
   (You found it on level 10 of the Dungeon)

   It affects your magic capacity (+5).
   It increases your rate of regeneration.
Jewellery
 e - the ring of Yliyrina {*Tele rC+ rN+ MR-}
   (You took it off an orc warrior on level 6 of the Dungeon)

   [ring of teleportation]

   It may teleport you next to monsters.
   It protects you from cold.
   It protects you from negative energy.
   It affects your resistance to hostile enchantments.
 g - a +2 ring of intelligence
 j - a ring of poison resistance (left hand)
 o - an amulet of harm (around neck)
 u - an uncursed ring of fire
 y - an uncursed amulet of rage
 J - a cursed -2 ring of protection (right hand)
 K - an uncursed ring of fire
Wands
 t - a wand of iceblast (2/15)
 x - a wand of iceblast (4/15)
 B - a wand of iceblast (2/15)
 L - a wand of flame (29/48)
 P - a wand of flame (13/48)
Scrolls
 n - 2 scrolls of teleportation {unknown}
 q - a scroll of enchant weapon {unknown}
 w - a scroll of amnesia {unknown}
 z - 2 scrolls of noise {unknown}
 D - a scroll of fear {unknown}
 M - a scroll of magic mapping
Potions
 i - 3 potions of agility
 p - a potion of cure mutation
 r - 4 potions of curing
 v - 2 potions of might
 A - a potion of berserk rage
 G - a potion of haste
 O - a potion of resistance {unknown}
Books
 H - the Almanac of Ice and Protection
   (You found it on level 7 of the Dungeon)

   Spells                             Type                      Level
   a - Infusion                       Charms                       1
   b - Repel Missiles                 Charms/Air                   2
   c - Song of Slaying                Charms                       2
   d - Ozocubu's Armour               Charms/Ice                   3
   e - Metabolic Englaciation         Hexes/Ice                    5
Comestibles
 b - 26 fruits
 f - 4 bread rations
 s - 5 meat rations


   Skills:
 + Level 8.7 Fighting
 + Level 2.7 Short Blades
 + Level 16.6 Slings
 + Level 3.8 Armour
 + Level 5.4 Dodging
 + Level 3.5 Stealth
 + Level 0.9 Invocations
 + Level 1.1 Evocations


You had 10 spell levels left.
You didn't know any spells.

Dungeon Overview and Level Annotations

Branches:
Dungeon (10/15)            Temple (1/1) D:5            Lair (0/6) D:9
    Orc: D:9-12

Altars:
Ashenzari
Cheibriados
Fedhas
Gozag
Hepliaklqana
Kikubaaqudgha
Makhleb
Nemelex Xobeh
Okawaru
Qazlal
Ru
Sif Muna
Trog
Xom
Zin
The Shining One

Shops:
D:4 %[}[   D:5 ?   D:6 }=:


Innate Abilities, Weirdness & Mutations

You are small and have problems with some larger weapons.
You are somewhat resistant to further mutation.


Message History

An orc comes into view. It is wielding a trident.
The orc shouts!
You hit the orc warrior.
The orc warrior is severely wounded.
The orc completely misses you.
You closely miss the orc warrior.
The orc warrior is severely wounded.
The orc warrior hits you with a trident!
* * * LOW HITPOINT WARNING * * *
The orc misses you.
An orc warrior comes into view. It is wielding a halberd.
You closely miss the orc warrior.
The orc warrior is severely wounded.
The orc warrior hits you with a trident!
* * * LOW HITPOINT WARNING * * *
You feel yourself speed up.
The orc hits you from afar with a halberd.
* * * LOW HITPOINT WARNING * * *
The orc warrior hits you with a trident!
You die...

#≈...#.⌠.≈≈≈...≈≈≈.⌠.#...≈#
#≈...##....≈≈≈≈≈....##...≈#
#≈...)#####.....#####....≈#
##....)..⌠#######⌠.......##
##.........)...........##
##........)..........##
#########'''######### #...#
#..@# #..o# #o((# ≈.((.(≈
.o(.((... ....(≈≈≈o....
.⌠.(≈≈≈≈≈..⌠o ....≈≈≈≈≈....


You could see 2 orc warriors and 2 orcs.

Vanquished Creatures
  A hill giant (D:10)
  Pikel (D:9)
  Prince Ribbit (D:7)
  The ghost of dscm the Chopper, an amateur GrBe of Trog (D:4)
  4 yaks (D:9)
  A wyvern (D:9)
  A hungry ghost (D:8)
  Menkaure (D:5)
  2 hell hounds (D:9)
  A sky beast (D:5)
  A water moccasin (D:6)
  A slave (D:9)
  7 orc warriors
  3 ice beasts
  5 ogres
  3 centaurs
  A crocodile (D:9)
  A big kobold (D:9)
  3 bullfrogs
  4 scorpions
  4 killer bees (D:9)
  4 wights (D:6)
  4 electric eels (D:6)
  A howler monkey (D:5)
  8 crimson imps
  3 jellies
  A bullfrog zombie (D:9)
  A quasit (D:7)
  6 hounds
  5 orc priests
  A centaur skeleton (D:9)
  8 orc wizards
  2 gnoll shamans (D:4)
  Ijyb (D:3)
  Jessica (D:3)
  4 iguanas
  Natasha (thrice) (D:3)
  3 worker ants
  3 hound zombies
  A hound skeleton (D:7)
  3 worker ant zombies
  A howler monkey zombie (D:9)
  12 gnolls
  10 adders
  3 shadow imps
  An adder skeleton (D:4)
  5 worms
  13 dart slugs
  3 leopard geckos
  55 orcs
  7 giant cockroaches
  9 goblins
  12 hobgoblins
  2 jackals (D:7)
  4 quokkas
  2 ball pythons
  8 bats
  5 frilled lizards
  8 kobolds
  A quokka skeleton (D:7)
  A quokka zombie (D:6)
  6 rats
  A plant (D:6)
279 creatures vanquished.

Vanquished Creatures (others)
  2 slaves (D:9)
  A hound (D:9)
  2 orc wizards (D:9)
  An adder (D:9)
  7 plants (D:6)
13 creatures vanquished.

Grand Total: 292 creatures vanquished

Notes
Turn   | Place    | Note
-------+----------+-------------------------------------------
     0 | D:1      | graki42 the Halfling Hunter began the quest for the Orb.
     0 | D:1      | Reached XP level 1. HP: 14/14 MP: 1/1
    54 | D:1      | Reached skill level 6 in Slings
    96 | D:1      | Reached XP level 2. HP: 18/19 MP: 2/2
   406 | D:1      | Reached XP level 3. HP: 22/24 MP: 3/3
   491 | D:1      | You fall through a shaft!
   592 | D:1      | Reached skill level 1 in Short Blades
  1067 | D:2      | Reached skill level 7 in Slings
  1130 | D:2      | Reached XP level 4. HP: 20/29 MP: 4/4
  1215 | D:2      | Found a faded altar of an unknown god.
  1759 | D:3      | Noticed Jessica
  1764 | D:3      | Killed Jessica
  1764 | D:3      | Reached XP level 5. HP: 34/34 MP: 5/5
  1783 | D:3      | Reached skill level 8 in Slings
  1813 | D:3      | Noticed Natasha
  1821 | D:3      | Killed Natasha
  1900 | D:3      | Noticed Ijyb
  1917 | D:3      | Killed Ijyb
  2014 | D:3      | Noticed Natasha
  2028 | D:3      | Killed Natasha
  2028 | D:3      | Reached XP level 6. HP: 30/41 MP: 6/6
  2072 | D:3      | Reached skill level 9 in Slings
  2101 | D:3      | Noticed Natasha
  2109 | D:3      | Killed Natasha
  2672 | D:4      | Found Curunyt's Armour Shop.
  2735 | D:4      | Reached XP level 7. HP: 46/46 MP: 7/7
  2803 | D:4      | Reached skill level 10 in Slings
  2852 | D:4      | HP: 1/46 [orc wizard/puff of frost (15)]
  3137 | D:4      | Reached skill level 1 in Armour
  3169 | D:4      | Found Pijexed's Food Boutique.
  3356 | D:4      | Noticed dscm's ghost (amateur GrBe)
  3385 | D:4      | Killed dscm's ghost
  3385 | D:4      | Reached XP level 8. HP: 24/53 MP: 8/8
  3653 | D:4      | Reached skill level 11 in Slings
  3695 | D:4      | Found Cuila's Gadget Shop.
  3712 | D:4      | Found Pemen's Antique Armour Emporium.
  4235 | D:5      | Entered Level 5 of the Dungeon
  4337 | D:5      | Found Noolafod's Magic Scroll Shop.
  4643 | D:5      | Reached skill level 12 in Slings
  4861 | D:5      | Found a staircase to the Ecumenical Temple.
  4871 | Temple   | Entered the Ecumenical Temple
  4965 | Temple   | Became a worshipper of Warmaster Okawaru
  5101 | D:5      | Reached XP level 9. HP: 59/59 MP: 9/9
  5296 | D:5      | Noticed Menkaure
  5334 | D:5      | Killed Menkaure
  5569 | D:5      | Reached skill level 5 in Fighting
  6085 | D:6      | Reached skill level 13 in Slings
  6090 | D:6      | Found Rauthrucw's Jewellery Emporium.
  6157 | D:6      | Found a glowing silver altar of Zin.
  6164 | D:6      | Reached * piety under Okawaru
  6485 | D:6      | Found Puwon's Gadget Shoppe.
  6633 | D:6      | HP: 1/62 [electric eel/bolt of electricity (10)]
  7019 | D:6      | Reached skill level 14 in Slings
  7483 | D:6      | Reached XP level 10. HP: 50/69 MP: 10/10
  7602 | D:6      | Reached ** piety under Okawaru
  7604 | D:6      | Got a warped platinum ring
  7873 | D:6      | Got an encrusted leather armour
  7884 | D:6      | Identified the cursed +1 leather armour "Patafaox" {MR+} (You found it on level 6 of the Dungeon)
  7982 | D:6      | Got a smoking robe
  7996 | D:6      | Identified the +0 robe of the Iron Devil {rPois Regen+} (You found it on level 6 of the Dungeon)
  8116 | D:6      | Found Foahish's Book Boutique.
  8314 | D:7      | Identified the ring of Yliyrina {*Tele rC+ rN+ MR-} (You took it off an orc warrior on level 6 of the Dungeon)
  8661 | D:7      | Identified the Almanac of Ice and Protection
  8719 | D:7      | Got a faintly glowing chain mail
  8730 | D:7      | Identified the cursed +0 chain mail of Juoteger {Dex+4} (You found it on level 7 of the Dungeon)
  8766 | D:7      | Noticed Prince Ribbit
  8781 | D:7      | Killed Prince Ribbit
  8781 | D:7      | Reached skill level 1 in Evocations
  9672 | D:8      | Found a stormy altar of Qazlal.
 10115 | D:9      | Reached skill level 15 in Slings
 10117 | D:9      | Reached *** piety under Okawaru
 10386 | D:9      | Noticed Pikel
 10399 | D:9      | Killed Pikel
 10399 | D:9      | Received a gift from Okawaru
 10493 | D:9      | Found a staircase to the Lair.
 10738 | D:9      | Reached skill level 5 in Dodging
 10738 | D:9      | Reached XP level 11. HP: 63/77 MP: 11/11
 10918 | D:9      | Reached skill level 16 in Slings
 11204 | D:10     | Entered Level 10 of the Dungeon
 11204 | D:10     | Noticed a hill giant
 11214 | D:10     | Killed a hill giant
 11320 | D:10     | Found a flagged portal.
 11327 | Bailey   | Entered a bailey
 11388 | Bailey   | Reached **** piety under Okawaru
 12465 | Bailey   | Mangled by an orc warrior

Skill      XL: |  1  2  3  4  5  6  7  8  9 10 11 |
---------------+----------------------------------+-----
Slings         | 6 7 8 9 10 12 14 15 16 | 16.6
Short Blades   | 1 2 |  2.7
Fighting       | 2 3 4 6 8 |  8.7
Stealth        | 2 3 |  3.5
Armour         | 1 2 3 |  3.8
Dodging        | 3 5 |  5.4
Evocations     | 1 |  1.1
Invocations    | |  0.9

Action                   |  1- 3 |  4- 6 |  7- 9 | 10-12 || total
-------------------------+-------+-------+-------+-------++-------
Melee: Short sword       |    43 |       |    29 |       ||    72
       Hunting sling     |       |       |     2 |       ||     2
       Dagger            |       |       |    48 |   164 ||   212
       Punch             |       |       |       |     2 ||     2
 Fire: Hunting sling     |    86 |   216 |   576 |   523 ||  1401
Invok: Heroism           |       |       |       |     4 ||     4
 Abil: Evoke Berserk Rag |       |       |     2 |       ||     2
Evoke: Wand              |       |       |     2 |     4 ||     6
  Use: Potion            |       |       |     3 |     2 ||     5
       Scroll            |       |       |    10 |     7 ||    17
 Stab: Sleeping          |     1 |       |       |       ||     1
  Eat: Chunk             |       |     5 |     9 |    11 ||    25
       Meat ration       |       |       |     2 |       ||     2
       Fruit             |       |       |       |     2 ||     2
Armor: Leather armour    |    10 |       |    14 |    53 ||    77
       Skin              |       |       |     5 |       ||     5
Dodge: Dodged            |    29 |    27 |   115 |   228 ||   399
